3411 views
Uploaded 2020-04-12 07:43:27
Game version 1.32.3
16:27 long 1on1 ladder game on (2)Amazonia
Saved by Ouarf
3411 views
Uploaded 2020-04-12 07:43:27
Game version 1.32.3
16:27 long 1on1 ladder game on (2)Amazonia

33 units @ 4.8k
/ 0.5k
16 buildings @ 1.8k
/ 0.6k


| Lesser Clarity Potion | 2 | 140 |
| Mechanical Critter | 1 | 50 |
| Scroll of Regeneration | 1 | 100 |
| Scroll of Town Portal | 1 | 350 |
| Scroll of Healing | 1 | 250 |
| Potion of Lesser Invulnerability | 2 | 300 |
| Boots of Speed | 1 | 250 |
| total: | 9 | 1440g |
| Peasant | 8 | 600 | / | 0 |
| Footman | 8 | 1080 | / | 0 |
| Rifleman | 9 | 1845 | / | 270 |
| Priest | 3 | 405 | / | 30 |
| Sorceress | 4 | 620 | / | 80 |
| Goblin Sapper | 1 | 215 | / | 100 |
| total: | 33 | 4765g | / | 480w |
| Scout Tower | 1 | 30 | / | 20 |
| Arcane Tower | 1 | 70 | / | 50 |
| Altar of Kings | 1 | 180 | / | 50 |
| Barracks | 3 | 480 | / | 180 |
| Farm | 8 | 640 | / | 160 |
| Arcane Vault | 1 | 130 | / | 30 |
| Blacksmith | 1 | 140 | / | 60 |
| Arcane Sanctum | 1 | 150 | / | 140 |
| Keep | 1 | 320 | / | 210 |
| total: | 16 | 1750g | / | 640w |
| 0:02 | Peasant |
| 0:02 | Peasant |
| 0:08 | Altar of Kings |
| 0:13 | Barracks |
| 0:16 | Farm |
| 0:18 | Barracks |
| 0:25 | Peasant |
| 0:35 | Peasant |
| 0:53 | Farm |
| 0:59 | Peasant |
| 1:20 | Peasant |
| 1:24 | Footman |
| 1:31 | Footman |
| 1:37 | Peasant |
| 1:55 | Footman |
| 1:59 | Peasant |
| 2:08 | Summon Water Elemental |
| 2:25 | Scout Tower |
| 2:27 | Farm |
| 2:31 | Arcane Vault |
| 2:59 | Arcane Tower |
| 3:01 | Blacksmith |
| 3:13 | Footman |
| 3:31 | Footman |
| 3:54 | Brilliance Aura |
| 4:02 | Footman |
| 4:02 | Footman |
| 4:02 | Footman |
| 4:20 | Keep |
| 4:21 | Rifleman |
| 4:24 | Farm |
| 4:55 | Farm |
| 5:20 | Rifleman |
| 5:38 | Summon Water Elemental |
| 5:58 | Rifleman |
| 5:59 | Black Gunpowder |
| 6:17 | Lesser Clarity Potion |
| 6:23 | Rifleman |
| 6:29 | Barracks |
| 7:22 | Long Rifles |
| 7:38 | Rifleman |
| 7:41 | Rifleman |
| 7:52 | Arcane Sanctum |
| 7:54 | Mechanical Critter |
| 7:55 | Lesser Clarity Potion |
| 7:58 | Storm Bolt |
| 8:15 | Brilliance Aura |
| 8:31 | Rifleman |
| 8:51 | Farm |
| 9:11 | Goblin Sapper |
| 9:42 | Scroll of Regeneration |
| 9:51 | Rifleman |
| 10:10 | Studded Leather Armor |
| 10:13 | Priest |
| 10:29 | Thunder Clap |
| 11:01 | Potion of Lesser Invulnerability |
| 11:02 | Boots of Speed |
| 11:30 | Priest |
| 11:31 | Farm |
| 11:34 | Farm |
| 11:45 | Scroll of Town Portal |
| 12:00 | Sorceress |
| 12:37 | Sorceress |
| 12:51 | Rifleman |
| 13:20 | Sorceress |
| 13:43 | Scroll of Healing |
| 13:45 | Potion of Lesser Invulnerability |
| 14:36 | Summon Water Elemental |
| 14:44 | Storm Bolt |
| 15:59 | Priest |
| 16:00 | Sorceress |
| 16:21 | Thunder Clap |
| Right click | 858 |
| Select | 281 |
| Select group | 280 |
| Assign group | 108 |
| Build/train/purchase | 92 |
| Use ability | 30 |
| Item give/drop | 7 |
| Misc. action | 4 |
| Remove unit | 3 |
30 units @ 4.3k
/ 0.4k
11 buildings @ 1.8k
/ 0.6k


| Rod of Necromancy | 1 | 150 |
| Orb of Corruption | 1 | 375 |
| Potion of Healing | 2 | 300 |
| Scroll of Town Portal | 1 | 350 |
| Potion of Lesser Invulnerability | 1 | 150 |
| Boots of Speed | 1 | 250 |
| total: | 7 | 1575g |
| Acolyte | 4 | 300 | / | 0 |
| Ghoul | 17 | 2040 | / | 0 |
| Crypt Fiend | 5 | 1075 | / | 200 |
| Obsidian Statue | 3 | 600 | / | 105 |
| Abomination | 1 | 240 | / | 70 |
| total: | 30 | 4255g | / | 375w |
| Ziggurat | 6 | 900 | / | 300 |
| Altar of Darkness | 1 | 180 | / | 50 |
| Crypt | 1 | 200 | / | 50 |
| Tomb of Relics | 1 | 130 | / | 30 |
| Graveyard | 1 | 215 | / | 0 |
| Slaughterhouse | 1 | 140 | / | 135 |
| Halls of the Dead | 1 | 320 | / | 210 |
| Black Citadel | 1 | 325 | / | 230 |
| total: | 11 | 1765g | / | 565w |
| 0:03 | Acolyte |
| 0:04 | Acolyte |
| 0:05 | Ziggurat |
| 0:07 | Altar of Darkness |
| 0:35 | Crypt |
| 0:49 | Tomb of Relics |
| 1:17 | Graveyard |
| 1:25 | Ziggurat |
| 1:37 | Ghoul |
| 1:59 | Ghoul |
| 2:08 | Unholy Aura |
| 2:09 | Rod of Necromancy |
| 2:18 | Ghoul |
| 2:39 | Ghoul |
| 2:49 | Ghoul |
| 3:10 | Halls of the Dead |
| 3:33 | Death Coil |
| 3:38 | Crypt Fiend |
| 4:01 | Crypt Fiend |
| 4:21 | Ziggurat |
| 4:33 | Crypt Fiend |
| 4:53 | Unholy Strength |
| 5:36 | Unholy Aura |
| 5:40 | Black Arrow |
| 5:56 | Burrow |
| 5:58 | Black Citadel |
| 6:23 | Crypt Fiend |
| 6:25 | Slaughterhouse |
| 6:52 | Web |
| 6:55 | Creature Attack |
| 7:22 | Crypt Fiend |
| 7:44 | Silence |
| 7:52 | Ziggurat |
| 7:53 | Ziggurat |
| 7:53 | Ziggurat |
| 8:29 | Improved Unholy Strength |
| 8:30 | Improved Creature Attack |
| 8:32 | Ghoul Frenzy |
| 8:43 | Destroyer Form |
| 8:45 | Obsidian Statue |
| 9:25 | Death Coil |
| 9:39 | Ghoul |
| 9:40 | Ghoul |
| 9:40 | Ghoul |
| 9:53 | Obsidian Statue |
| 9:56 | Acolyte |
| 10:18 | Acolyte |
| 10:21 | Obsidian Statue |
| 11:14 | Black Arrow |
| 11:15 | Orb of Corruption |
| 11:20 | Potion of Healing |
| 11:41 | Ghoul |
| 11:41 | Ghoul |
| 12:16 | Scroll of Town Portal |
| 13:00 | Advanced Unholy Strength |
| 13:00 | Advanced Creature Attack |
| 13:25 | Ghoul |
| 13:26 | Ghoul |
| 13:51 | Potion of Lesser Invulnerability |
| 13:53 | Boots of Speed |
| 14:19 | Ghoul |
| 14:20 | Ghoul |
| 14:55 | Ghoul |
| 14:56 | Ghoul |
| 15:13 | Ghoul |
| 15:16 | Abomination |
| 16:20 | Potion of Healing |
| Right click | 1215 |
| Select group | 733 |
| Select | 267 |
| Misc. action | 108 |
| Build/train/purchase | 90 |
| Assign group | 88 |
| Use ability | 25 |
| Chat | 24 |
| Item give/drop | 7 |
| Esc | 6 |